 Dungeon Crawl Stone Soup version 0.30.1-11-g7821555f0a (webtiles) character file.

Game seed: 6780269345402122733

219 porpoise the Shooter (level 6, -1/48 HPs)
             Began as a Human Hunter on Jan 16, 2024.
             Slain by a river rat (8 damage)
             ... in a sewer.
             The game lasted 00:06:01 (2382 turns).

porpoise the Shooter (Human Hunter)                 Turns: 2382, Time: 00:06:01

Health: -1/48      AC:  4    Str: 12    XL:     6   Next: 18%
Magic:  6/6        EV: 12    Int:  9    God:
Gold:   72         SH:  0    Dex: 18    Spells: 5/5 levels left

rFire   . . .        a - +0 shortbow
rCold   . . .        (shield currently unavailable)
rNeg    . . .        c - +0 leather armour
rPois   .            (no helmet)
rElec   .            (no cloak)
rCorr   .            e - +0 pair of gloves
SInv    .            (no boots)
Will    .....        (no amulet)
Stlth   ++           (no ring)
HPRegen 0.28/turn    (no ring)
MPRegen 0.10/turn

%: no passive effects
@: no status effects
A: no striking features
a: no special abilities


You were in a sewer.
You visited 1 branch of the dungeon, and saw 3 of its levels.
You also visited: Sewer.

You collected 72 gold pieces.

Inventory:

Hand Weapons
 a - a +0 shortbow (weapon)
 b - a +2 dagger of venom
Armour
 c - a +0 leather armour (worn)
 e - a +0 pair of gloves (worn)
 r - a +0 buckler
Magical Staves
 i - a staff of death
Jewellery
 l - a ring of wizardry
Wands
 p - a wand of roots (6)
Scrolls
 d - a scroll of torment {unknown}
 f - 2 scrolls of noise
 q - a scroll of immolation
Potions
 g - 6 potions of flight


   Skills:
 + Level 3.7 Fighting
 * Level 6.1 Ranged Weapons
 - Level 2.0 Dodging
 - Level 1.0 Stealth


You had 5 spell levels left.
You didn't know any spells.
Your spell library contained the following spells:

 Spells                   Type           Power      Damage    Failure   Level
 Blade Hands              Tmut           0%         N/A       100%        5
 Irradiate                Conj/Tmut      0%         3d11      100%        5
 Dragon Form              Tmut           0%         N/A       100%        7


Dungeon Overview and Level Annotations

Branches:
Dungeon (3/15)              Sewer (1/1)

Altars:
Uskayaw


Message History

The arrow hits the river rat but does no damage.
The river rat is almost dead.
The river rat bites you. The river rat barely misses you. x2
The river rat closely misses you.
You are too injured to fight recklessly!
You are too injured to fight recklessly!
You are too injured to fight recklessly!
You are too injured to fight recklessly!
You shoot an arrow. The arrow barely misses the river rat.
The arrow hits the river rat.
You kill the river rat!
The river rat bites you!
* * * LOW HITPOINT WARNING * * *
The river rat closely misses you.
You shoot an arrow. The arrow barely misses the river rat.
The river rat closely misses you. x2
You shoot an arrow. The arrow hits the river rat!
The river rat is severely wounded.
The river rat closely misses you. The river rat barely misses you.
You shoot an arrow. The arrow hits the river rat.
You kill the river rat!
The river rat barely misses you. x2
Fire: a) +0 shortbow
Press: ? - help, Q - select action, (/) - cycle Shift-Dir - straight line, f - river rat
Aim: a river rat (62% to hit)
You shoot an arrow. The arrow closely misses the river rat.
The river rat bites you.
* * * LOW HITPOINT WARNING * * *
The river rat barely misses you.
You shoot an arrow. The arrow hits the river rat.
The river rat is moderately wounded.
The river rat misses you. The river rat closely misses you.
You shoot an arrow. The arrow barely misses the river rat.
The river rat barely misses you. x2
You shoot an arrow. The arrow hits the river rat.
The river rat is heavily wounded.
The river rat bites you.
* * * LOW HITPOINT WARNING * * *
The river rat bites you!
You die...

###############################
..~..†~~.~~~~~..~.~~.~~~≈≈≈≈≈≈≈
≈≈≈≈≈≈≈≈≈≈≈≈≈≈≈≈≈≈≈≈≈≈≈.≈≈≈≈≈≈≈
~.~~~~~.~~~~~~~~.~.~~~≈~≈≈≈≈≈≈≈
#####################~≈~#######
###### #~≈~# #!†r@# #~≈.#
+#####'r#####~≈~#
..........~.~~~.#
.........~~~~~~†#
+#####''#####~≈~# #.... #~≈~#
###### #~≈.# #####~≈~#
~~~~~~≈~#


You could see 2 river rats.

Vanquished Creatures
  Jessica (D:2)
  7 adders
  3 river rats (Sewer)
  A worm (D:2)
  4 dart slugs
  9 ball pythons
  6 bats
  2 endoplasms
  9 giant cockroaches
  8 hobgoblins
  6 jackals
  7 kobolds
  8 quokkas
  9 frilled lizards
  4 goblins
  8 rats
92 creatures vanquished.

Notes
Turn   | Place    | Note
-------+----------+-------------------------------------------
     0 | D:1      | porpoise the Human Hunter began the quest for the Orb.
     0 | D:1      | Reached XP level 1. HP: 16/16 MP: 1/1
   126 | D:1      | Reached XP level 2. HP: 22/22 MP: 2/2
   363 | D:1      | Reached XP level 3. HP: 28/28 MP: 3/3
  1029 | D:1      | Found a faded altar of an unknown god.
  1205 | D:2      | Reached XP level 4. HP: 34/34 MP: 4/4
  1287 | D:2      | Reached skill level 5 in Ranged Weapons
  1318 | D:2      | Found a hide-covered altar of Uskayaw.
  1837 | D:2      | Noticed Jessica
  1842 | D:2      | Killed Jessica
  1843 | D:2      | Reached XP level 5. HP: 41/41 MP: 5/5
  2059 | D:3      | Found a glowing drain.
  2072 | Sewer    | Entered a sewer
  2243 | Sewer    | Reached skill level 6 in Ranged Weapons
  2243 | Sewer    | Reached XP level 6. HP: 16/47 MP: 6/6
  2382 | Sewer    | Slain by a river rat

Illustrated notes

Levels and vault maps discovered:
D:1:      tarquinn_simple_flora_water_d, layout_loops_ring,
          shapermc_ecumenical_altar_hornbeckon, grunt_decor_fettered,
          minmay_hexomino_p4
D:2:      minmay_chambers_of_twos, layout_basic, basic_altar, corner_web_ring,
          minmay_crystal_water, uniq_jessica
D:3:      layout_loops_ring, gup_sewer_entry_pipe, minmay_misc_feat_pillars,
          corexii_hall_statues_x, uniq_robin
Sewer:    sewer_fruit_machine

Skill      XL: |  1  2  3  4  5 |
---------------+----------------+-----
Ranged Weapons | 5 6 |  6.1
Fighting       | 3 |  3.7
Dodging        | |  2.0
Stealth        | |  1.0

Action                     |  1- 3 |  4- 6 || total
---------------------------+-------+-------++-------
   Fire: Shortbow          |    95 |   144 ||   239
    Use: Scroll            |       |     8 ||     8
         Potion            |       |     1 ||     1
 Armour: Leather armour    |     4 |    32 ||    36
  Dodge: Dodged            |    34 |    97 ||   131
